 Dungeon Crawl Stone Soup version 0.31-a0-175-g9f7f995f2b (webtiles) character file.

Game seed: 10253415129060014599

56 innerfire43 the Cutter (level 3, -2/29 HPs)
             Began as a Demonspawn Monk on June 17, 2023.
             Slain by an orc
             ... wielding a +0 hand axe
              (5 damage)
             ... on level 3 of the Dungeon.
             The game lasted 00:03:07 (1637 turns).

innerfire43 the Cutter (Demonspawn Monk)            Turns: 1637, Time: 00:03:08

Health: -2/29      AC:  5    Str: 13    XL:     3   Next: 69%
Magic:  3/3        EV:  8    Int: 11    God:
Gold:   221        SH: 11    Dex: 15    Spells: 2/2 levels left

rFire   . . .        m - +0 short sword (venom)
rCold   . . .        q - +0 tower shield
rNeg    . . .        g - +0 ring mail
rPois   .            (no helmet)
rElec   .            (no cloak)
rCorr   .            (no gloves)
SInv    .            (no boots)
Will    .....        (no amulet)
Stlth   +            (no ring)
HPRegen 0.24/turn    (no ring)
MPRegen 0.16/turn

%: no passive effects
@: no status effects
A: repulsion field 1, magic regeneration
a: no special abilities


You were on level 3 of the Dungeon.
You visited 1 branch of the dungeon, and saw 3 of its levels.

You collected 221 gold pieces.

Inventory:

Hand Weapons
 a - a +0 short sword
 h - a +0 dagger of speed
 k - a +0 spectral quarterstaff
 m - a +0 short sword of venom (weapon)
Armour
 b - a +0 robe
 d - an orb of light
 g - a +0 ring mail (worn)
 q - a +0 tower shield (worn)
Jewellery
 p - a ring of resist corrosion
Scrolls
 n - a scroll of noise {unknown}
 o - 2 scrolls of immolation {unknown}
Potions
 e - a potion of magic
 f - a potion of curing {unknown}
 i - a potion of mutation {unknown}
 j - a potion of lignification {unknown}
 l - 3 potions of attraction {unknown}
 r - a potion of haste {unknown}
 s - a potion of enlightenment {unknown}


   Skills:
 + Level 3.3 Fighting
 * Level 3.8 Short Blades
 * Level 1.0 Armour
 - Level 2.7 Dodging


You had 2 spell levels left.
You didn't know any spells.
Your spell library was empty.

Dungeon Overview and Level Annotations

Branches:
Dungeon (3/15)

Altars:
Makhleb


Innate Abilities, Weirdness & Mutations

You are surrounded by a mild repulsion field. (EV +2)
You regenerate magic rapidly.


Message History

* * * LOW HITPOINT WARNING * * *
The endoplasm freezes you.
You are frozen.
* * * LOW HITPOINT WARNING * * *
The orc barely misses you.
You're too confused to move!
The orc hits you but does no damage. The orc closely misses you.
The orc hits you but does no damage.
The endoplasm hits you but does no damage.
You barely miss the orc.
The orc is almost dead.
The orc hits you but does no damage. x2; The orc barely misses you.
The endoplasm hits you but does no damage.
You hit the orc but do no damage.
The orc is poisoned.
You feel less invigorated.
You feel less confused. The orc hits you with a +0 short sword.
The orc hits you with a +0 hand axe. The orc barely misses you.
The endoplasm freezes you.
You are frozen.
You closely miss the orc.
The orc is almost dead.
The orc hits you but does no damage. The orc barely misses you.
The orc hits you but does no damage. The endoplasm freezes you.
You are frozen.
You block the orc's attack. x2
The endoplasm freezes you.
You are frozen.
* * * LOW HITPOINT WARNING * * *
The orc hits you but does no damage.
You hit the orc.
You kill the orc!
The orc hits you but does no damage. The orc hits you with a +0 hand axe.
* * * LOW HITPOINT WARNING * * *
The endoplasm freezes you.
You are frozen.
* * * LOW HITPOINT WARNING * * *
You hit the endoplasm.
The endoplasm is moderately wounded.
The orc hits you but does no damage. The orc hits you with a +0 hand axe.
You die...

.........# ...........
.........# .#.###..[.
#..<.....# #.###....
#........# #........
#........#+#######........
#.....)............###....
#..................#######
#.......o)o..........#
#.......J@...........#
#....................#
+....##............###
#.... #............# #...
####...#####.# #... #...#
#.# #...# #.# ##### .#


You could see 2 orcs and an endoplasm.

Vanquished Creatures
  2 worms (D:2)
  2 dart slugs
  2 orcs (D:3)
  8 ball pythons
  A bat (D:2)
  2 endoplasms
  3 giant cockroaches
  3 goblins (D:1)
  A hobgoblin (D:2)
  3 jackals (D:3)
  4 kobolds
  A quokka (D:1)
  4 frilled lizards
  3 rats
39 creatures vanquished.

Notes
Turn   | Place    | Note
-------+----------+-------------------------------------------
     0 | D:1      | innerfire43 the Demonspawn Monk began the quest for the
                  | Orb.
     0 | D:1      | Reached XP level 1. HP: 18/18 MP: 1/1
   199 | D:1      | Gained mutation: You regenerate magic rapidly. [demonic
                  | ancestry]
   199 | D:1      | Reached XP level 2. HP: 21/24 MP: 2/2
   904 | D:2      | Found a burning altar of Makhleb.
  1104 | D:2      | Gained mutation: You are surrounded by a mild repulsion
                  | field. (EV +2) [demonic ancestry]
  1104 | D:2      | Reached XP level 3. HP: 29/29 MP: 3/3
  1616 | D:3      | Reached skill level 1 in Armour
  1637 | D:3      | Slain by an orc

Illustrated notes

Levels and vault maps discovered:
D:1:      shiori_shiawase, layout_loops_ring
D:2:      layout_loops_cross, basic_altar
D:3:      layout_basic, kennysheep_generic_room_9, uniq_ijyb

Skill      XL: |  1  2  3 |
---------------+----------+-----
Short Blades   | 3 |  3.8
Armour         | 1 |  1.0
Fighting       | |  3.3
Dodging        | |  2.7

Action                     || total
---------------------------++-------
  Melee: Dagger            ||    57
         Short sword       ||    76
    Use: Scroll            ||     1
         Potion            ||     2
 Armour: Ring mail         ||    47
  Dodge: Dodged            ||    70
  Block: Tower shield      ||    20

Table legend: (Time is in decaauts)
 A = Elapsed time spent in this place.
 B = Non-inter-level travel time spent in this place.
 C = Inter-level travel time spent in this place.
 D = Time resting spent in this place.
 E = Time spent auto-exploring this place.
 F = Levels seen in this place.
 G = Mean time per level.
                   A        B        C        D        E       F      G
               +--------+--------+--------+--------+--------+-----+--------+
         Total |   1608 |   1570 |     38 |      0 |   1270 |   3 |  536.0 |
       Dungeon |   1608 |   1570 |     38 |      0 |   1270 |   3 |  536.0 |
               +--------+--------+--------+--------+--------+-----+--------+

Top non-repeatable levels by time:
     D:1: 794 daAuts
     D:2: 634 daAuts
     D:3: 179 daAuts
